 Dungeon Crawl Stone Soup version 0.25-a0-365-g7600c65aa0 (webtiles) character file.

Game seed: 14164751518458498357, levelgen mode: deterministic

3320 pk666 the Thaumaturge (level 9, -22/45 HPs)
             Began as a Deep Elf Wizard on Jan 5, 2020.
             Was an Initiate of Vehumet.
             Hit by a large rock thrown by a cyclops (37 damage)
             ... on level 7 of the Dungeon.
             The game lasted 00:20:33 (10774 turns).

pk666 the Thaumaturge (Deep Elf Wizard)            Turns: 10774, Time: 00:20:34

Health: -22/45     AC:  4    Str:  4    XL:     9   Next: 71%
Magic:  14/25      EV: 15    Int: 27    God:    Vehumet [......]
Gold:   397        SH:  0    Dex: 13    Spells: 17/28 levels left

rFire    . . .     SeeInvis +   H - +2 dagger (venom)
rCold    . . .     Gourm    .   (no shield)
rNeg     . . .     Faith    .   G - +1 robe
rPois    .         Spirit   .   b - +0 hat
rElec    .         Reflect  .   w - +0 cloak
rCorr    .         Harm     .   (no gloves)
MR       .....                  (no boots)
Stlth    ++........             (no amulet)
HPRegen  0.15/turn              r - ring of see invisible
MPRegen  0.19/turn              l - ring of wizardry

@: no status effects
A: no striking features
a: Renounce Religion


You were on level 7 of the Dungeon.
You worshipped Vehumet.
Vehumet was noncommittal.
You were not hungry.

You visited 2 branches of the dungeon, and saw 8 of its levels.

You collected 425 gold pieces.
You spent 28 gold pieces at shops.

Inventory:

Hand Weapons
 q - a +2 dagger of electrocution
 H - a +2 dagger of venom (weapon)
Armour
 b - a +0 hat (worn)
 w - a +0 cloak (worn)
 G - a +1 robe (worn)
Jewellery
 j - an uncursed ring of poison resistance
 l - a ring of wizardry (right hand)
 r - a ring of see invisible (left hand)
 v - a +3 ring of intelligence {unknown}
Wands
 a - a wand of acid (10)
 g - a wand of flame (21)
 z - a wand of disintegration (15)
Scrolls
 c - 4 scrolls of teleportation
 e - a scroll of blinking
 o - a scroll of amnesia
 p - 3 scrolls of remove curse
 t - 2 scrolls of identify
Potions
 f - 2 potions of haste {unknown}
 h - a potion of brilliance {unknown}
 i - 2 potions of lignification {unknown}
 n - a potion of flight {unknown}
 s - 6 potions of curing {unknown}
 u - a potion of heal wounds {unknown}
 x - a potion of resistance {unknown}
 A - 3 potions of degeneration {unknown}
 E - a potion of mutation {unknown}
Comestibles
 d - 17 rations


   Skills:
 + Level 6.0 Dodging
 - Level 2.4 Stealth
 + Level 10.4 Spellcasting
 + Level 8.0 Conjurations
 - Level 2.0 Summonings
 - Level 1.1 Translocations
 + Level 7.6 Fire Magic
 - Level 2.0 Air Magic
 - Level 2.0 Poison Magic


You had 17 spell levels left.
You knew the following spells:

 Your Spells              Type           Power        Failure   Level  Hunger
a - Magic Dart            Conj           ####         1%          1    None
b - Blink                 Tloc           N/A          1%          2    None
c - Conjure Flame         Conj/Fire      ######..     1%          3    None
d - Mephitic Cloud        Conj/Pois/Air  #####...     1%          3    None
e - Call Imp              Summ           ####....     1%          2    None

Your spell library contained the following spells:

 Spells                   Type           Power        Failure   Level  Hunger
 Slow                     Hex            ##......     2%          2    None


Dungeon Overview and Level Annotations

Branches:
Dungeon (7/15)             Temple (1/1) D:6

Altars:
Ashenzari
Cheibriados
Dithmenos
Elyvilon
Fedhas
Gozag
Hepliaklqana
Kikubaaqudgha
Makhleb
Nemelex Xobeh
Okawaru
Qazlal
Ru
Sif Muna
Trog
Uskayaw
Vehumet
Wu Jian
Xom
Yredelemnul
Zin
The Shining One

Shops:
D:5 ?

Annotations:
D:6 Grinder


Message History

The magic dart hits the cyclops but does no damage.
The cyclops is severely wounded.
The cyclops throws a large rock.
The large rock barely misses you.
Casting: Magic Dart (safe; 1% risk of failure)
Confirm with . or Enter, or press ? or * to list all spells.
Aiming: Magic Dart (safe; 1% risk of failure)
Press: ? - help, Shift-Dir - straight line, f/p - cyclops
Aim: a cyclops, quivering a large rock (severely wounded)
The magic dart hits the cyclops.
The cyclops is severely wounded.
Casting: Magic Dart (safe; 1% risk of failure)
Confirm with . or Enter, or press ? or * to list all spells.
Aiming: Magic Dart (safe; 1% risk of failure)
Press: ? - help, Shift-Dir - straight line, f/p - cyclops
Aim: a cyclops, quivering a large rock (severely wounded)
The magic dart hits the cyclops but does no damage.
The cyclops is severely wounded.
The cyclops throws a large rock.
The large rock hits you!!!
Ouch! That really hurt!
You die...

#......÷....#
#####.####..# #C#
.# #.### # #÷#..
#.#.# #.#.# #.#.#
##########.#@#
.........#.#§#
########.#.#.##
#......#
#......#######
#...C...^....#
##.....#####.#
#..).....##.#######
##.#.###.#.........


You could see a cyclops.

Vanquished Creatures
  Pikel (D:5)
  A hippogriff (D:5)
  A shadow (D:7)
  Menkaure (D:7)
  Edmund (D:6)
  A water moccasin (D:7)
  Duvessa (D:6)
  A sky beast (D:5)
  2 ice beasts
  A slave (D:5)
  A necrophage (D:7)
  A phantom (D:4)
  5 ogres
  A centaur (D:6)
  3 bullfrogs
  Dowan (D:6)
  A scorpion (D:4)
  2 howler monkeys
  A bullfrog zombie (D:5)
  A jelly (D:2)
  7 orc wizards
  Crazy Yiuf (D:4)
  2 bullfrog skeletons
  A centaur skeleton (D:4)
  Ijyb (D:5)
  2 iguanas
  4 worker ants
  A killer bee zombie (D:7)
  A hound skeleton (D:5)
  A worker ant zombie (D:6)
  11 adders
  A shadow imp (D:4)
  An ooze (D:3)
  An adder zombie (D:5)
  An adder skeleton (D:4)
  A worm (D:3)
  3 dart slugs
  5 leopard geckos
  23 orcs
  3 ball pythons
  10 giant cockroaches
  4 goblins
  6 hobgoblins
  4 jackals
  3 quokkas
  A ball python skeleton (D:4)
  3 bats
  3 frilled lizards
  7 kobolds
  A leopard gecko skeleton (D:4)
  A quokka zombie (D:6)
  9 rats
  A fungus (D:4)
152 creatures vanquished.

Vanquished Creatures (others)
  An orc (D:5)
  2 plants (D:5)
3 creatures vanquished.

Grand Total: 155 creatures vanquished

Notes
Turn   | Place    | Note
-------+----------+-------------------------------------------
     0 | D:1      | pk666 the Deep Elf Wizard began the quest for the Orb.
     0 | D:1      | Reached XP level 1. HP: 10/10 MP: 7/7
   246 | D:1      | Reached XP level 2. HP: 9/15 MP: 6/9
   854 | D:1      | Reached XP level 3. HP: 11/19 MP: 6/11
   856 | D:1      | Reached skill level 5 in Spellcasting
   913 | D:1      | Learned a level 2 spell: Blink
   917 | D:1      | Learned a level 3 spell: Conjure Flame
   921 | D:1      | Learned a level 3 spell: Mephitic Cloud
   924 | D:1      | Learned a level 2 spell: Call Imp
  1175 | D:2      | Found a shimmering altar of Xom.
  1377 | D:2      | Reached skill level 1 in Poison Magic
  1377 | D:2      | Reached XP level 4. HP: 17/24 MP: 5/13
  1541 | D:2      | Found a burning altar of Makhleb.
  1551 | D:2      | Found a hazy altar of Hepliaklqana.
  1551 | D:2      | Found a shimmering blue altar of Sif Muna.
  1590 | D:2      | Reached skill level 1 in Fire Magic
  1954 | D:2      | Reached skill level 1 in Air Magic
  2797 | D:3      | Reached XP level 5. HP: 28/28 MP: 11/14
  3470 | D:3      | Reached XP level 6. HP: 29/32 MP: 2/16
  4047 | D:4      | Reached skill level 6 in Spellcasting
  4411 | D:4      | Found a shimmering blue altar of Sif Muna.
  4466 | D:4      | Reached XP level 7. HP: 24/36 MP: 10/18
  4803 | D:4      | Reached skill level 7 in Spellcasting
  4979 | D:4      | Found a white marble altar of Elyvilon.
  5165 | D:4      | Found an opulent altar of Gozag.
  5563 | D:4      | Found a runed translucent door.
  5564 | D:4      | Noticed Crazy Yiuf
  5604 | D:4      | Killed Crazy Yiuf
  5818 | D:5      | Entered Level 5 of the Dungeon
  5958 | D:5      | Noticed Ijyb
  6084 | D:5      | Noticed a hippogriff
  6094 | D:5      | Killed a hippogriff
  6094 | D:5      | Reached skill level 5 in Conjurations
  6166 | D:5      | Reached XP level 8. HP: 35/41 MP: 0/21
  6310 | D:5      | Noticed Pikel
  6655 | D:5      | Reached skill level 5 in Fire Magic
  6699 | D:5      | Found Vyoveduy's Magic Scroll Shop.
  6707 | D:5      | Reached skill level 8 in Spellcasting
  6746 | D:5      | Bought a scroll of identify for 28 gold pieces
  6795 | D:5      | Killed Pikel
  7306 | D:5      | Killed Ijyb
  7672 | D:5      | Reached skill level 9 in Spellcasting
  8269 | D:5      | Reached XP level 9. HP: 20/45 MP: 18/24
  8585 | D:6      | Found a staircase to the Ecumenical Temple.
  8594 | Temple   | Entered the Ecumenical Temple
  8614 | Temple   | Became a worshipper of Vehumet
  8740 | D:6      | Noticed Dowan
  8741 | D:6      | Noticed Duvessa
  8761 | D:6      | Killed Dowan
  9050 | D:6      | Found a hide-covered altar of Uskayaw.
  9639 | D:6      | Noticed Edmund
  9693 | D:6      | Killed Edmund
 10099 | D:6      | Killed Duvessa
 10099 | D:6      | Reached skill level 5 in Dodging
 10188 | D:6      | Noticed Grinder
 10310 | D:7      | Reached skill level 10 in Spellcasting
 10411 | D:7      | Noticed Menkaure
 10420 | D:7      | Killed Menkaure
 10706 | D:7      | Noticed a cyclops
 10774 | D:7      | Hit by a large rock thrown by a cyclops

Levels and vault maps discovered:
D:1:      minmay_arrival_semitransparent, layout_loops_ring
D:2:      layout_basic, gammafunk_temple_overflow_forgotten,
          brannock_xom_greatest_gift, first_ration, grunt_ministairs_10,
          minmay_nonomino_d4
D:3:      layout_basic
D:4:      layout_loops_ring, lemuel_coloured_pillars_altar,
          overflow_temple_1_default, lemuel_blue_sif_altar,
          uniq_crazy_yiuf_cottage
D:5:      layout_loops_ring, serial_shops, shop, portal_sewer_entry_d,
          hangedman_decor_lopped, st_stairs_10, serial_bayou_pond_b,
          minmay_misc_feat_nine_boxes, hangedman_decor_slide_cut, minivault_1,
          minmay_tree_intersection, uniq_ijyb, uniq_pikel
D:6:      layout_cave_pods, eat_drink_and_be_merry_uskayaw,
          minmay_temple_entry_arrows, uniq_edmund, uniq_duvessa, uniq_grinder
D:7:      minmay_the_grid_plus [minmay_the_grid_expand,
          minmay_the_grid_minigrid_small, minmay_the_grid_tiny_cups,
          minmay_the_grid_zigzag_pyramid, minmay_the_grid_prize_big_room],
          layout_loops_ring, serial_shops, shop, shop, nicolae_shop_trees, shop,
          uniq_menkaure
Temple:   eino_wide_crystal_templ

Skill      XL: |  1  2  3  4  5  6  7  8  9 |
---------------+----------------------------+-----
Dodging        | 3 4 6 |  6.0
Conjurations   | 2 3 4 5 6 8 |  8.0
Spellcasting   | 5 6 7 9 10 | 10.4
Poison Magic   | 1 2 |  2.0
Fire Magic     | 1 2 3 4 6 7 |  7.6
Air Magic      | 1 2 |  2.0
Summonings     | 2 |  2.0
Stealth        | |  2.4
Translocations | |  1.1

Action                   |  1- 3 |  4- 6 |  7- 9 || total
-------------------------+-------+-------+-------++-------
Melee: Dagger            |       |     5 |    43 ||    48
 Cast: Magic Dart        |    61 |   177 |   310 ||   548
       Call Imp          |       |     1 |     6 ||     7
       Conjure Flame     |       |    11 |    34 ||    45
       Mephitic Cloud    |       |     7 |    23 ||    30
       Blink             |       |       |     4 ||     4
  Use: Scroll            |       |       |    10 ||    10
 Stab: Confused          |       |     1 |       ||     1
  Eat: Chunk             |       |     7 |    19 ||    26
       Ration            |       |     1 |       ||     1
Armor: Robe              |     1 |     3 |     5 ||     9
Dodge: Dodged            |    17 |    34 |    43 ||    94

Table legend:
 A = Non-vault XP
 B = Vault XP
 C = Vault XP percentage of total XP
 D = Non-vault monster count
 E = Vault monster count
 F = Vault count percentage of total count
                 A         B        C        D         E       F
            +---------+---------+-------+---------+---------+-------
      Total |    2617 |    2126 |  44.8 |     122 |      28 |  18.7
            +---------+---------+-------+---------+---------+-------
        D:1 |      31 |       0 |   0.0 |      10 |       0 |   0.0
        D:2 |      76 |      65 |  46.1 |      20 |       7 |  25.9
        D:3 |     229 |       0 |   0.0 |      30 |       0 |   0.0
        D:4 |     620 |      35 |   5.3 |      21 |       1 |   4.5
        D:5 |     980 |     834 |  46.0 |      26 |       9 |  25.7
        D:6 |     440 |     373 |  45.9 |      11 |       3 |  21.4
        D:7 |     241 |     819 |  77.3 |       4 |       8 |  66.7
            +---------+---------+-------+---------+---------+-------
